 Dungeon Crawl Stone Soup version 0.28-a0-1387-g3a22ab9bdc (webtiles) character file.

Game seed: 17877253723797320838

3110 Deminshera the Quickloader (level 9, -12/86 HPs)
             Began as a Deep Dwarf Hunter on Jan 2, 2022.
             Succumbed to a hornet's poison
             ... on level 7 of the Dungeon.
             The game lasted 00:15:20 (8182 turns).

Deminshera the Quickloader (Deep Dwarf Hunter)      Turns: 8182, Time: 00:15:20

Health: -12/86     AC: 14    Str: 19    XL:     9   Next: 60%
Magic:  3/3        EV:  8    Int: 13    God:
Gold:   770        SH:  0    Dex: 13    Spells: 8/8 levels left

rFire   . . .      SeeInvis .   B - +0 broad axe
rCold   . . .      Faith    .   (no shield)
rNeg    . . .      Spirit   .   o - +4 chain mail
rPois   .          Reflect  .   D - +0 helmet
rElec   .          Harm     .   (no cloak)
rCorr   .          Rampage  .   n - +0 pair of gloves
Will    +....                   (no boots)
Stlth   ..........              (no amulet)
HPRegen 0.00/turn               (no ring)
MPRegen 0.08/turn               (no ring)

@: lethally poisoned (-12 -> -31), slowed, studying Slings, very slow
A: damage resistance, heal wounds, sense surroundings 2, no regeneration
a: Heal Wounds


You were on level 7 of the Dungeon.
You visited 1 branch of the dungeon, and saw 7 of its levels.
You also visited: Sewer and Bailey.

You collected 770 gold pieces.

Inventory:

Hand Weapons
 a - a +2 hand crossbow
 b - a +2 hand axe of holy wrath
 r - a +2 dagger of flaming
 y - a +3 flail
 B - a +0 broad axe (weapon)
Missiles
 m - 6 bolts
 I - 12 curare-tipped darts (quivered)
 J - 47 poisoned darts
 K - 8 datura-tipped darts
Armour
 n - a +0 pair of gloves (worn)
 o - a +4 chain mail (worn)
 D - a +0 helmet (worn)
Jewellery
 s - an amulet of faith
 w - a ring of resist corrosion
Wands
 z - a wand of iceblast (2)
Scrolls
 c - a scroll of identify {unknown}
 i - a scroll of fog {unknown}
 p - 2 scrolls of teleportation {unknown}
 t - a scroll of enchant armour {unknown}
 u - a scroll of torment {unknown}
 x - a scroll of blinking
 A - a scroll of noise {unknown}
 C - a scroll of magic mapping
 E - a scroll of holy word {unknown}
 F - a scroll of amnesia {unknown}
 G - a scroll of enchant weapon
 H - 2 scrolls of fear {unknown}
Potions
 d - a potion of ambrosia {unknown}
 e - 2 potions of curing {unknown}
 f - 5 potions of invisibility {unknown}
 g - a potion of experience {unknown}
 h - 3 potions of haste {unknown}
 j - 5 potions of heal wounds {unknown}
 k - 2 potions of mutation {unknown}
 l - a potion of magic {unknown}
 q - 3 potions of attraction {unknown}
 v - 2 potions of cancellation {unknown}


   Skills:
 + Level 7.4 Fighting
 + Level 1.6(2.6) Axes
 - Level 3.0(3.1) Maces & Flails
 - Level 10.0 Crossbows
 - Level 4.0 Dodging
 - Level 5.0 Stealth
 - Level 5.0 Evocations


You had 8 spell levels left.
You didn't know any spells.
Your spell library contained the following spells:

 Spells                   Type           Power      Damage    Failure   Level
 Frozen Ramparts          Ice            0%         1d2       100%        3
 Gell's Gravitas          Tloc           0%         N/A       100%        3
 Lesser Beckoning         Tloc           0%         N/A       100%        3
 Portal Projectile        Hex/Tloc       0%         N/A       100%        3
 Teleport Other           Tloc           0%         N/A       100%        3
 Ice Form                 Ice/Tmut       0%         N/A       100%        4
 Summon Ice Beast         Ice/Summ       0%         N/A       100%        4
 Blade Hands              Tmut           0%         N/A       100%        5
 Excruciating Wounds      Necr           0%         N/A       100%        5
 Summon Forest            Summ/Tloc      0%         N/A       100%        5
 Summon Mana Viper        Hex/Summ       0%         N/A       100%        5
 Summon Cactus Giant      Summ           0%         N/A       100%        6


Dungeon Overview and Level Annotations

Branches:
Dungeon (7/15)             Temple (0/1) D:7           Sewer (visited)
 Bailey (visited)

Altars:
Dithmenos
Yredelemnul
The Shining One

Shops:
D:6 :

Annotations:
D:6 2 runed translucent doors


Innate Abilities, Weirdness & Mutations

You are resistant to damage.
You can heal yourself by infusing magical energy.
You passively map the area around you.
You do not regenerate.


Message History

You slash the centaur!
You kill the centaur!
You barely miss the hornet. The hornet barely misses you.
The hornet closely misses you. The hornet stings you.
You feel as though you will be slow longer.
Unknown command.
You hit the hornet.
The hornet is heavily wounded.
The hornet stings you.
You feel as though you will be slow longer.
The hornet stings you but does no damage.
The hornet stings you.
You feel as though you will be slow longer.
The hornet closely misses you.
You hit the hornet.
The hornet is heavily wounded.
You are no longer poisoned.
The hornet stings you but does no damage. x2
The hornet barely misses you.
You hit the hornet.
The hornet is severely wounded.
The hornet stings you but does no damage.
The hornet closely misses you. The hornet barely misses you.
You closely miss the hornet.
The hornet is severely wounded.
The hornet stings you!
* * * LOW HITPOINT WARNING * * *
You are poisoned.
You feel as though you will be slow longer.
The hornet stings you!
* * * LOW HITPOINT WARNING * * *
You are more poisoned.
You feel as though you will be slow longer.
The hornet stings you!
* * * LOW HITPOINT WARNING * * *
You are more poisoned.
You feel as though you will be slow longer.
You barely miss the hornet.
The hornet is severely wounded.
You die...

#.......##.......#******,..,,,,,,
..##....##.......#######...,,,,,,
..##)...##.......##........,,,,,*
.................##........,,,,,,
......#........)..#.....##****,**
......#........)..'.....'..,,,,,,
..###.#...#<....#.#.....###***,*,
......#...#######.#........,,,,*+
#####.#...# ##.)@.######...,,,,,,
,,,,#.....# #..y###****,,..,,,,,,
,,,,#.....# #...#**,,,,,,,#***,,,
,,,,#.....# #..........,,,,,,,,,,
,,,.......# #...#......,,,,,****,
,,........#*#...#......*,,,,****,
*......#...######,.c###*,,,,,,,,,
*...#..+.....,***,y.#*****,,,,,,,
#...####.....,,,***..,* *,,,,,,,


You could see a hornet.

Vanquished Creatures
  Sigmund (D:4)
  2 sky beasts
  6 orc warriors (Bailey)
  An ice beast (D:7)
  3 ogres
  2 black bears
  2 centaurs
  7 kobold brigands
  A bullfrog (D:7)
  A scorpion (D:6)
  A wyvern skeleton (D:6)
  A water moccasin zombie (D:5)
  A crimson imp (D:4)
  2 bullfrog zombies
  3 hounds
  A jelly (D:5)
  A centaur zombie (D:7)
  3 bullfrog skeletons (D:5)
  3 iguanas (D:4)
  2 scorpion zombies (D:3)
  2 orc wizards (D:4)
  7 gnolls
  A howler monkey zombie (D:6)
  8 adders
  A river rat (D:3)
  A white imp (D:5)
  An ufetubus (D:4)
  An adder skeleton (D:4)
  2 adder zombies (D:3)
  3 worms
  12 orcs
  17 ball pythons
  6 bats
  9 endoplasms
  5 giant cockroaches
  14 goblins
  9 hobgoblins
  2 jackals (D:4)
  20 kobolds
  3 quokkas
  4 frilled lizards
  A goblin skeleton (D:4)
  3 hobgoblin zombies (D:4)
  2 kobold skeletons (D:4)
  A kobold zombie (D:4)
  2 orc skeletons (D:4)
  3 orc zombies (D:4)
  5 rats
189 creatures vanquished.

Vanquished Creatures (others)
  6 plants
6 creatures vanquished.

Grand Total: 195 creatures vanquished

Notes
Turn   | Place    | Note
-------+----------+-------------------------------------------
     0 | D:1      | Deminshera the Deep Dwarf Hunter began the quest for the
                  | Orb.
     0 | D:1      | Reached XP level 1. HP: 19/19 MP: 1/1
   159 | D:1      | Reached XP level 2. HP: 26/26 MP: 2/2
  1290 | D:2      | Reached XP level 3. HP: 14/32 MP: 3/3
  1836 | D:2      | Found a faded altar of an unknown god.
  1890 | D:2      | Found a shadowy altar of Dithmenos.
  2458 | D:3      | Found a basalt altar of Yredelemnul.
  2464 | D:3      | Reached XP level 4. HP: 28/40 MP: 4/4
  2469 | D:3      | Reached skill level 5 in Crossbows
  2481 | D:3      | Found a glowing drain.
  2509 | Sewer    | Entered a sewer
  2654 | Sewer    | Reached XP level 5. HP: 38/49 MP: 4/4
  2790 | Sewer    | Reached skill level 6 in Crossbows
  3129 | D:3      | Noticed a sky beast
  3133 | D:3      | Killed a sky beast
  3134 | D:3      | Reached XP level 6. HP: 49/56 MP: 4/4
  4232 | D:4      | Noticed Sigmund
  4238 | D:4      | Killed Sigmund
  4239 | D:4      | Reached XP level 7. HP: 58/63 MP: 5/5
  4410 | D:4      | Reached skill level 7 in Crossbows
  4461 | D:4      | Found a glowing golden altar of the Shining One.
  4999 | D:5      | Entered Level 5 of the Dungeon
  5020 | D:5      | Reached skill level 5 in Fighting
  5283 | D:5      | Reached skill level 8 in Crossbows
  5290 | D:5      | Reached skill level 1 in Maces & Flails
  5305 | D:5      | Reached XP level 8. HP: 58/74 MP: 5/5
  6020 | D:5      | Reached skill level 1 in Evocations
  6486 | D:6      | Reached skill level 5 in Stealth
  7063 | D:6      | Found Woapsox's Book Shoppe.
  7228 | D:6      | Found a runed translucent door.
  7230 | D:6      | Found a runed translucent door.
  7489 | D:7      | Found a flagged portal.
  7524 | Bailey   | Entered a bailey
  7688 | Bailey   | Reached skill level 9 in Crossbows
  7688 | Bailey   | Gained mutation: You passively map the area around you.
                  | [Deep Dwarf growth]
  7688 | Bailey   | Reached XP level 9. HP: 62/82 MP: 5/5
  7852 | Bailey   | Reached skill level 5 in Evocations
  7939 | Bailey   | Reached skill level 10 in Crossbows
  7940 | Bailey   | Found a bloodstained altar of Trog.
  8105 | D:7      | Reached skill level 1 in Axes
  8182 | D:7      | Succumbed to a hornet's poison

Illustrated notes

Levels and vault maps discovered:
D:1:      dpeg_arrival_water_fire, layout_loops_corners, wad_floor_pattern_1,
          hangedman_abyss_or_decor_stabs, amcnicky_mini_rare_corridor_liquid
D:2:      layout_basic, basic_altar, hellmonk_ecumenical_altar_inner_sanctum
D:3:      layout_loops_corners, nicolae_yredelemnul_corpse_copse,
          portal_sewer_entry_c, minmay_misc_feat_alley
D:4:      layout_basic, nicolae_tso_besieged_by_evil, uniq_sigmund
D:5:      layout_loops_corners, chequers_big_river
D:6:      lemuel_insect_pit, layout_cave_pods, serial_shops,
          nicolae_diamond_shop, minmay_misc_feat_iff
D:7:      layout_basic, minmay_temple_entry_poolview, enter_bailey_3

Skill      XL: |  1  2  3  4  5  6  7  8  9 |
---------------+----------------------------+-----
Fighting       | 2 3 5 6 7 |  7.4
Stealth        | 2 3 4 5 |  5.0
Dodging        | 3 4 |  4.0
Crossbows      | 5 6 8 9 10 | 10.0
Maces & Flails | 2 3 |  3.0
Evocations     | 4 5 |  5.0
Axes           | 1 |  1.6

Action                   |  1- 3 |  4- 6 |  7- 9 || total
-------------------------+-------+-------+-------++-------
Melee: Short sword       |    28 |       |       ||    28
       Hand axe          |    19 |    98 |    75 ||   192
       Dagger            |       |    12 |    36 ||    48
       Flail             |       |       |    88 ||    88
       Broad axe         |       |       |    24 ||    24
 Fire: Hand crossbow     |    58 |    51 |   126 ||   235
 Abil: Heal Wounds       |     1 |     5 |    16 ||    22
Evoke: Wand              |       |       |     7 ||     7
  Use: Scroll            |     4 |       |     1 ||     5
       Potion            |       |       |     1 ||     1
 Stab: Sleeping          |     2 |     2 |     2 ||     6
Armor: Leather armour    |     9 |    40 |    25 ||    74
       Ring mail         |       |       |    20 ||    20
       Chain mail        |       |       |    62 ||    62
Dodge: Dodged            |    30 |   119 |   216 ||   365

Table legend: (Time is in decaauts)
 A = Elapsed time spent in this place.
 B = Non-inter-level travel time spent in this place.
 C = Inter-level travel time spent in this place.
 D = Time resting spent in this place.
 E = Time spent auto-exploring this place.
 F = Levels seen in this place.
 G = Mean time per level.
                   A        B        C        D        E       F      G
               +--------+--------+--------+--------+--------+-----+--------+
         Total |   8381 |   8046 |    335 |   1600 |   4829 |   9 |  931.2 |
       Dungeon |   7367 |   7032 |    335 |   1249 |   4577 |   7 | 1052.4 |
         Sewer |    423 |    423 |      0 |    100 |    143 |   1 |  423.0 |
        Bailey |    591 |    591 |      0 |    251 |    108 |   1 |  591.0 |
               +--------+--------+--------+--------+--------+-----+--------+

Top non-repeatable levels by time:
     D:4: 1390 daAuts
     D:5: 1335 daAuts
     D:2: 1330 daAuts
     D:1: 1106 daAuts
     D:6: 1033 daAuts
     D:3: 953 daAuts
  Bailey: 591 daAuts
   Sewer: 423 daAuts
     D:7: 218 daAuts
